[Event "*** Titled Tuesday Blitz"]
[Site "Chess.com"]
[Date "2020.01.07"]
[Round "9"]
[White "FearNoEvil12"]
[Black "narutosmith"]
[Result "1-0"]
[WhiteElo "2063"]
[BlackElo "2222"]
[TimeControl "180+2"]
[EndTime "15:08:29 PST"]
[Termination "FearNoEvil12 won by resignation"]

1. e4 c5 2. Nc3 a6 3. a4 e6 4. f4 d5 5. Nf3 dxe4 6. Nxe4 Nc6 7. d3 Nf6 8. Qe2 Be7 9. g3 O-O 10. Bg2 Nd5 11. O-O h6 12. Kh1 f5 13. Nf2 Bf6 14.
c3 Re8 15. Ne5 Qc7 16. Re1 Nde7 17. h3 b6 18. g4 g5 19. Nxc6 Nxc6 20. fxg5 hxg5 21.
gxf5 Bb7 22. fxe6 Ne5 23. Ng4 Nxg4 24. Qxg4 Bxg2+ 25. Kxg2 Qc6+ 26. Re4 Ra7 27. h4 Rg7 28. hxg5 Qd5 29. Qh5 Rxe6 30. Qf3 Bxg5 31. Bxg5 Rxg5+ 32. Kf2 Rf5 33. Rg1+ Kf8 34. Rf4 Qxf3+ 35. Rxf3 Rxf3+ 36. Kxf3 b5 37. axb5 axb5 38. Rg5 Rc6 39. Ke4 Kf7 40.
Kd5 Rc8 41. Kd6 c4 42. d4 Kf6 43. Rxb5 Rd8+ 44. Kc5 Rc8+ 45. Kb4 Ke6 46. Rc5 Rb8+ 47. Kxc4 Rxb2 48. Rd5 Rc2 49. Rd8 Ke7 50. Rd5 Ke6 51.
Rc5 Kd6 52. Kd3 Rc1 53. Ra5 Kc6 54. Rh5 Kd6 55. Kc4 Rc2 56. Rh6+ Kd7 57. Kb4 Rb2+ 58. Kc5 Rc2 59. c4 Rc1 60. Rh7+ Ke6 61. d5+ Ke5 62.
Re7+ Kf6 63. Re2 Rd1 64. Kc6 Kf7 65. c5 Rd4 66. d6 Kf6 67. Kc7 Kf7 68. c6 1-0

[Event "*** Titled Tuesday Blitz"]
[Site "Chess.com"]
[Date "2020.01.07"]
[Round "9"]
[White "spectralsoul"]
[Black "Gareth-Bale11"]
[Result "1-0"]
[WhiteElo "2885"]
[BlackElo "2737"]
[TimeControl "180+2"]
[EndTime "15:08:31 PST"]
[Termination "spectralsoul won by resignation"]

1. Nf3 d5 2. g3 g6 3. Bg2 Bg7 4.
d4 Nd7 5. O-O Ngf6 6. c4 dxc4 7.
Qc2 O-O 8. Na3 Nb6 9. e4 Bg4 10.
Be3 c6 11. Ne5 Be6 12. h3 Nfd7 13. Nexc4 Nxc4 14. Nxc4 Bxc4 15. Qxc4 Nb6 16. Qc3 Rc8 17. b4 Qc7 18. f4 Rfd8 19. a4 a6 20. a5 Na8 21. e5 e6 22. g4 Qd7 23. f5 Nc7 24. Qb3 Nd5 25. Bg5 Re8 26. Rf2 Nc7 27. Rd1 h6 28. Bh4 Nb5 29. fxe6 fxe6 30. Rfd2 g5 31. Bf2 Rcd8 32. Be4 Rf8 33. Be3 Qe7 34. Bb1 Rf7 35. Qc2 Bf8 36. Qg6+ Kh8 37. Rf2 Rxf2 38. Bxf2 Qg7 39.
Qxe6 Bxb4 40. Bf5 Bc3 41. Qc4 Bxa5 42. Kg2 Bc7 43. Rd3 Qe7 44. Qc1 Bb6 45. Qd2 Nc7 46. h4 Ne6 47. hxg5 hxg5 48. Rh3+ Kg7 49. Rh7+ Kg8 50.
Rxe7 1-0

[Event "*** Titled Tuesday Blitz"]
[Site "Chess.com"]
[Date "2020.01.07"]
[Round "9"]
[White "allvim"]
[Black "Vegan4future"]
[Result "1/2-1/2"]
[WhiteElo "2367"]
[BlackElo "2440"]
[TimeControl "180+2"]
[EndTime "15:08:32 PST"]
[Termination "Game drawn by agreement"]

1. e4 e5 2. Nf3 d6 3. d4 exd4 4.
Bc4 Nf6 5. O-O Be7 6. Re1 O-O 7. Nxd4 Re8 8. Nc3 Bf8 9. Bg5 Nbd7 10. a4 c6 11. Qd2 h6 12. Bh4 Ne5 13. Bb3 Ng6 14. Bg3 Nh5 15. Nf5 Nxg3 16. Nxg3 Qh4 17. Rad1 Bg4 18. Nce2 Rad8 19. Nf5 Qf6 20. Nfg3 Qxb2 21.
h3 Bc8 22. Nf4 Qf6 23. Ngh5 Qg5 24. Nxg6 Qxg6 25. Nf4 Qg5 26. Nd3 Qxd2 27. Rxd2 g6 28. Rde2 Bg7 29. Nf4 Kf8 30. Rd1 Be5 31. Nd3 Bf6 32. Re3 Kg7 33. Rf3 Re7 34. Nf4 Rde8 35. Rxd6 Be5 36. Rd2 Bc7 37. Nd3 Be6 38. Bxe6 Rxe6 39.
Nc5 R6e7 40. Nxb7 Be5 41. Nc5 Rb8 42. g3 Rb4 43. Rd7 Rxd7 44. Nxd7 Rxe4 45. Nxe5 Rxe5 46. Rc3 Ra5 47. Rxc6 Rxa4 48. Rc8 Kf6 49. c4 Kf5 50. Kg2 g5 51. c5 a5 52. c6 Kf6 53. c7 Rc4 54. Ra8 Rxc7 55. Rxa5 Rc6 1/2-1/2

[Event "*** Titled Tuesday Blitz"]
[Site "Chess.com"]
[Date "2020.01.07"]
[Round "9"]
[White "W_Amadeus"]
[Black "Borsuk_Konstantin"]
[Result "0-1"]
[WhiteElo "2644"]
[BlackElo "2504"]
[TimeControl "180+2"]
[EndTime "15:08:38 PST"]
[Termination "Borsuk_Konstantin won by resignation"]

1. e4 e6 2. d4 d5 3. Nc3 Bb4 4. e5 b6 5. a3 Bf8 6. Nf3 Ba6 7.
Bxa6 Nxa6 8. O-O c6 9. Ne2 Nc7 10. h4 Ne7 11. g3 h6 12. Kg2 Qd7 13. a4 g6 14. a5 Bg7 15. axb6 axb6 16. Rxa8+ Nxa8 17. b3 Qa7 18. Bd2 Nc7 19. h5 c5 20. hxg6 fxg6 21. Nf4 Rf8 22. Be3 g5 23. Nh5 Bh8 24.
Qd3 Rf7 25. Nf6+ Kd8 26. Rh1 Bxf6 27. exf6 Rxf6 28. Qh7 Ne8 29. Rxh6 Rxh6 30. Qxh6 g4 31. Ne5 cxd4 32. Nc6+ Nxc6 33. Bg5+ Kc8 34. Qxe6+ Qd7 35.
Qe2 Kb7 36. Bf4 Nf6 37. Qd3 Ne4 38. b4 Nxb4 39. Qxd4 Nxc2 40. Qb2 Ne1+ 41. Kf1 Nd3 42. Qd4 Nxf4 43. gxf4 Qf5 44. Qg7+ Ka6 45. Qa1+ Kb7 46.
Qg7+ Kc6 47. Qh6+ Nd6 48. Kg1 d4 49. Qh8 Qxf4 0-1

[Event "*** Titled Tuesday Blitz"]
[Site "Chess.com"]
[Date "2020.01.07"]
[Round "9"]
[White "Rainbow2014"]
[Black "Rhinos1"]
[Result "1/2-1/2"]
[WhiteElo "2266"]
[BlackElo "2145"]
[TimeControl "180+2"]
[EndTime "15:08:41 PST"]
[Termination "Game drawn by repetition"]

1. e4 e5 2. Nf3 Nc6 3. Bb5 a6 4. Ba4 d6 5. O-O Bd7 6. c3 Nge7 7. d4 Ng6 8. d5 Nb8 9. c4 Be7 10. Nc3 O-O 11. Bxd7 Nxd7 12. Be3 f5 13. exf5 Rxf5 14. Ne4 Rf8 15. Nfd2 Nf4 16. b4 Qe8 17. c5 Qg6 18. Bxf4 Rxf4 19. Re1 Raf8 20. c6 bxc6 21. dxc6 Nf6 22. Qe2 Nxe4 23. Nxe4 d5 24.
Ng3 Bxb4 25. Rf1 e4 26. Qxa6 Bd6 27. Qb5 Qe6 28. a4 Kh8 29. a5 e3 30. fxe3 Qxe3+ 31. Kh1 Rxf1+ 32. Rxf1 Rxf1+ 33. Qxf1 h6 34. a6 Qa3 35.
Nf5 Bc5 36. Nh4 d4 37. h3 d3 38. Ng6+ Kh7 39. Qf5 Qc1+ 40. Kh2 Bd6+ 41. Ne5+ Kg8 42.
Qe6+ Kh7 43. Qf5+ Kg8 44. a7 Qa1 45. Qe6+ Kh7 46. Qg6+ Kg8 47. Qe8+ Kh7 48. Qg6+ Kg8 49. Qe8+ Kh7 50. Qg6+ 1/2-1/2

[Event "*** Titled Tuesday Blitz"]
[Site "Chess.com"]
[Date "2020.01.07"]
[Round "9"]
[White "TigrVShlyape"]
[Black "Hrant_ChessMood"]
[Result "1-0"]
[WhiteElo "2820"]
[BlackElo "2918"]
[TimeControl "180+2"]
[EndTime "15:08:42 PST"]
[Termination "TigrVShlyape won by resignation"]

1. d4 Nf6 2. Nf3 g6 3. Bf4 Bg7 4. c3 O-O 5. Nbd2 d5 6. e3 Bg4 7. Qb3 Nh5 8. Be5 Nc6 9. Bxg7 Nxg7 10. h3 Bxf3 11. Nxf3 Rb8 12. Be2 e6 13. O-O b5 14.
a4 Na5 15. Qc2 b4 16. cxb4 Rxb4 17. Qc5 Rxb2 18. Qxa5 Rxe2 19. Qxa7 Nf5 20. Rfe1 Rxe1+ 21. Nxe1 Nd6 22. a5 Qd7 23. Qc5 Ra8 24. a6 Qb5 25. Qxb5 Nxb5 26. Nd3 Kf8 27. Ra5 Nd6 28. g4 Ke7 29. g5 Nc4 30. Ra2 Kd6 31. Kg2 e5 32. h4 c6 33. Ra1 exd4 34. exd4 Kc7 35. Nc5 Nd6 36. Kf3 Re8 37. Kf4 Nb5 38. a7 Ra8 39. Ke5 Rxa7 40. Rxa7+ Nxa7 41. Kf6 Nb5 42. Nb3 Nd6 43. Kg7 Nf5+ 44. Kxh7 Nxh4 45. Kg7 Nf3 46. Kxf7 Nxg5+ 47. Kxg6 Nh3 48. f3 Kb6 49. Kf5 Kb5 50.
Ke5 Nf2 51. Nc5 Kc4 52. Ne6 Nd3+ 53. Kd6 Ne1 54. f4 Nf3 55. f5 Nh4 56. f6 Nf5+ 57. Kxc6 Nh6 58. Kd6 Nf7+ 59. Ke7 Nh6 60. f7 Nxf7 61.
Kxf7 1-0

[Event "*** Titled Tuesday Blitz"]
[Site "Chess.com"]
[Date "2020.01.07"]
[Round "9"]
[White "vovachesss"]
[Black "Atakishiyev04"]
[Result "1-0"]
[WhiteElo "2588"]
[BlackElo "2728"]
[TimeControl "180+2"]
[EndTime "15:08:42 PST"]
[Termination "vovachesss won by resignation"]

1. e4 e5 2. Nf3 Nc6 3. Bb5 a6 4. Bxc6 dxc6 5. O-O Qd6 6. d3 Ne7 7. Nbd2 b5 8. Nb3 Ng6 9. Be3 f6 10. Bc5 Qe6 11. Bxf8 Nxf8 12. Nc5 Qe7 13. b4 Ne6 14. d4 Nxc5 15. bxc5 Bg4 16. c3 Rd8 17.
Re1 O-O 18. Qd3 Bxf3 19. gxf3 Qxc5 20. Red1 Qe7 21. a4 Rd6 22. axb5 cxb5 23. d5 Rfd8 24. c4 bxc4 25. Qxc4 c6 26. Rxa6 cxd5 27. Rxd6 Rxd6 28. Rxd5 Rxd5 29. exd5 Kf8 30. Qc6 Qd8 31. d6 h5 32.
h4 Kf7 33. Qc7+ Ke8 34. Qxg7 Qxd6 35. Qh8+ Ke7 36. Qxh5 Qd1+ 37. Kg2 Qd4 38. Qh7+ Ke6 39. Qg8+ Ke7 40. Qg7+ Ke8 41. Qxf6 Qd5 42. Kg3 Qd4 43.
Qg6+ Ke7 44. Qe4 Qa1 45. Kg2 Kf6 46. h5 Qc1 47. Qg6+ Ke7 48. h6 Qf4 49. Qg7+ Ke6 50. h7 e4 51. Qg4+ 1-0

[Event "*** Titled Tuesday Blitz"]
[Site "Chess.com"]
[Date "2020.01.07"]
[Round "9"]
[White "Alopekos"]
[Black "Babbelbox"]
[Result "0-1"]
[WhiteElo "2422"]
[BlackElo "2531"]
[TimeControl "180+2"]
[EndTime "15:08:42 PST"]
[Termination "Babbelbox won by resignation"]

1. e4 e5 2. Nf3 Nc6 3. Bb5 Nf6 4. Nc3 Nd4 5. Nxe5 Nxb5 6. Nxb5 c6 7. Nc3 Qe7 8. d4 d6 9. Nf3 Nxe4 10. O-O Nxc3 11. bxc3 Be6 12. Re1 d5 13. Ng5 Qf6 14. Nxe6 fxe6 15.
Qg4 Kd7 16. Bf4 Qg6 17. Qh3 Be7 18. Re3 Qf5 19. Qg3 Raf8 20. Be5 Qxc2 21. Rae1 Rf7 22.
R3e2 Qf5 23. Bb8 Rc8 24. Rxe6 Qxe6 25. Rxe6 Kxe6 26. Qh3+ Rf5 27. g4 Rf7 28. g5+ Rf5 29.
Bg3 Bxg5 30. Qxh7 Bf6 31. Qh3 c5 32. Qg4 cxd4 33. cxd4 Rc4 34. Qe2+ Kf7 35. Qb2 b6 36. Qa3 Bxd4 37. Qxa7+ Kg6 38. Qd7 Rc2 39. Qe8+ Kh7 40. Kg2 Bxf2 41. Kh3 Bxg3 42. hxg3 Rc3 43. Kg4 Rcf3 44. Qe6 b5 45. a3 Rf6 46. Qxd5 Rxa3 47.
Qh5+ Rh6 48. Qf5+ Rg6+ 49. Kh4 Rxg3 50. Qxb5 Rg1 51. Qd5 0-1

[Event "*** Titled Tuesday Blitz"]
[Site "Chess.com"]
[Date "2020.01.07"]
[Round "9"]
[White "Simon2049"]
[Black "M1711"]
[Result "1/2-1/2"]
[WhiteElo "2286"]
[BlackElo "2515"]
[TimeControl "180+2"]
[EndTime "15:08:43 PST"]
[Termination "Game drawn by repetition"]

1. e4 e5 2. Nf3 d5 3. d3 dxe4 4. dxe4 Qxd1+ 5. Kxd1 Nc6 6. Be3 Nf6 7. Bd3 Bd6 8. c3 Bg4 9. Kc2 O-O-O 10. a4 Nd7 11. Na3 Bc5 12. Nc4 f6 13. Rhd1 Bxe3 14. Nxe3 Be6 15.
Bc4 Bxc4 16. Nxc4 Nc5 17. Nfd2 a5 18. f3 b6 19. Nb3 Ne6 20. g3 Ng5 21. Nbd2 h5 22. h4 Ne6 23. Ne3 g6 24. Ndc4 Kb7 25. Rd5 Ne7 26. Rxd8 Rxd8 27. Rd1 Rxd1 28. Kxd1 Nc5 29.
b4 axb4 30. cxb4 Nxa4 31. f4 Nc3+ 32. Kc2 Nxe4 33. fxe5 fxe5 34. Nxe5 Nxg3 35. b5 Ngf5 36. Nxf5 gxf5 37. Kd3 c6 38. bxc6+ Nxc6 39. Ng6 Kc7 40. Nf4 Ne5+ 41. Kd4 Nf3+ 42. Kd5 Nxh4 43. Nxh5 Kb7 44. Nf4 b5 45. Ke5 Kb6 46. Kf6 b4 47. Kg5 b3 48.
Kxh4 b2 49. Nd5+ Kc5 50. Nc3 Kd4 51. Nb1 Ke3 52. Kg3 f4+ 53. Kg2 Ke2 54. Nc3+ Kd3 55. Nb1 Ke2 56. Nc3+ Kd2 57. Nb1+ Kc2 58. Na3+ Kb3 59.
Nb1 Kc2 60. Na3+ Kb3 61. Nb1 Kc2 1/2-1/2

[Event "*** Titled Tuesday Blitz"]
[Site "Chess.com"]
[Date "2020.01.07"]
[Round "9"]
[White "otrov-11"]
[Black "wild_cat99"]
[Result "0-1"]
[WhiteElo "2413"]
[BlackElo "2430"]
[TimeControl "180+2"]
[EndTime "15:08:46 PST"]
[Termination "wild_cat99 won by resignation"]

1. d4 Nf6 2. g3 g6 3. Bg2 d5 4. c4 Bg7 5. Nf3 O-O 6. O-O dxc4 7. Ne5 c5 8. dxc5 Na6 9. Qxd8 Rxd8 10. Nxc4 Nxc5 11.
Nc3 Be6 12. Na5 Nd5 13. Nxd5 Bxd5 14. Be3 Bxg2 15. Kxg2 b6 16. Nc4 Na4 17. Rad1 Nxb2 18. Nxb2 Bxb2 19. a4 e5 20. Bg5 Rd4 21. Rxd4 exd4 22. Bf6 Rc8 23. Rd1 Rc6 24. Be5 f6 25. Bf4 g5 26. Bd2 a5 27. Kf3 Rc4 28. Rb1 Rc2 29. Be1 f5 30. g4 f4 31. Ke4 Rxe2+ 32. Kd3 f3 33. Bd2 Bc3 34. Bxc3 dxc3 35. Kxc3 Rxf2 36.
Rxb6 Rxh2 37. Kd3 Ra2 38. Rf6 Rxa4 39. Ke3 Ra3+ 40. Kf2 Kg7 41. Rf5 h6 42. Rb5 a4 43.
Rb7+ Kf6 44. Rb6+ Ke5 45. Rxh6 Kf4 46. Rb6 Kxg4 47. Rb4+ Kf5 48. Kg3 g4 49. Rb5+ Ke4 50.
Rb4+ Ke3 51. Rxg4 f2 52. Kg2 Ke2 53. Rf4 f1=Q+ 54. Rxf1 Rg3+ 55. Kxg3 Kxf1 0-1

[Event "*** Titled Tuesday Blitz"]
[Site "Chess.com"]
[Date "2020.01.07"]
[Round "9"]
[White "PotapovaM"]
[Black "VincentKeymer"]
[Result "1-0"]
[WhiteElo "2529"]
[BlackElo "2676"]
[TimeControl "180+2"]
[EndTime "15:08:50 PST"]
[Termination "PotapovaM won by resignation"]

1. d4 Nf6 2. c4 c5 3. d5 g6 4. Nc3 Bg7 5. e4 d6 6. Nf3 O-O 7. h3 Na6 8. Bd3 Nc7 9. O-O a6 10. a4 Nd7 11. Bf4 b6 12. Qd2 Bb7 13. Rae1 b5 14.
axb5 axb5 15. cxb5 Nb6 16. Bh6 e5 17. h4 Ne8 18. h5 f6 19. Nh4 g5 20. Nf5 Bxh6 21. Nxh6+ Kh8 22. Be2 Ng7 23. Bg4 Bc8 24. f3 Bd7 25.
Ra1 Qe7 26. Ra6 Rfb8 27. Rfa1 Ne8 28. Kh2 Nc7 29. Rxa8 Rxa8 30. Rxa8+ Ncxa8 31. Bxd7 Qxd7 32. Nf5 Nc8 33. Qc2 Nab6 34. Qb3 Ne7 35. Nxe7 Qxe7 36. g4 Qb7 37. Nd1 Qa7 38. Qa3 Qxa3 39. bxa3 Nc4 40. a4 Kg7 41. Kg3 Kf7 42. Nc3 Ke7 43. Kf2 Kd7 44. Ke2 Kc7 45. Kd3 Na5 46. Nd1 Nb3 47. Ne3 Nd4 48. Nf5 Nxf3 49. a5 Nh2 50.
b6+ Kb8 51. a6 Nxg4 52. Nxd6 Nh6 53. a7+ Ka8 54. Nb5 1-0

[Event "*** Titled Tuesday Blitz"]
[Site "Chess.com"]
[Date "2020.01.07"]
[Round "9"]
[White "Moon_stone123"]
[Black "VFernandezB"]
[Result "0-1"]
[WhiteElo "2098"]
[BlackElo "2258"]
[TimeControl "180+2"]
[EndTime "15:08:52 PST"]
[Termination "VFernandezB won by resignation"]

1. e4 c5 2. Nf3 Nc6 3. d4 cxd4 4. Nxd4 g6 5. c4 Bg7 6. Be3 Nf6 7. Nc3 O-O 8. Be2 d6 9. O-O Bd7 10. f3 Nxd4 11. Bxd4 Bc6 12. Qd2 Nd7 13. Be3 a5 14.
b3 Nc5 15. Rab1 f5 16. exf5 Rxf5 17. a3 b6 18. b4 axb4 19. axb4 Nd7 20. Bd3 Rf8 21.
Be4 Bxe4 22. Nxe4 Ne5 23. Kh1 Kh8 24. Rbc1 Rc8 25. Qe2 Qc7 26. Ng5 Rf6 27. Ne4 Rf7 28. Ng5 Rf6 29. Ne4 Rff8 30. Ng5 Qd7 31. Bd4 Qf5 32.
Ne4 b5 33. cxb5 Rxc1 34. Rxc1 Nd7 35. Bxg7+ Kxg7 36. Ng3 Qe5 37. Qxe5+ Nxe5 38. b6 Rb8 39. Rc7 Rxb6 40. Rxe7+ Kf6 41. Rxh7 Rxb4 42. h4 Nd3 43.
Kh2 d5 44. h5 gxh5 45. Rxh5 Nf4 46. Rf5+ Kg6 47. Re5 Rb2 48. Nf1 Rxg2+ 49. Kh1 Rf2 50. Nh2 d4 51. Re4 Nh5 52. Rxd4 Re2 53. Kg1 Ra2 54.
Ng4 Kg5 55. Rb4 Nf4 56. Ne3 Nh3+ 57. Kh1 Ra1+ 58. Kg2 Nf4+ 59. Kf2 Nd3+ 60. Kg3 Nxb4 61. f4+ Kf6 62. Nd5+ Nxd5 0-1

[Event "*** Titled Tuesday Blitz"]
[Site "Chess.com"]
[Date "2020.01.07"]
[Round "9"]
[White "FelixJoseYnojosa"]
[Black "maciek_92"]
[Result "0-1"]
[WhiteElo "2663"]
[BlackElo "2820"]
[TimeControl "180+2"]
[EndTime "15:08:53 PST"]
[Termination "maciek_92 won by checkmate"]

1. c4 f5 2. Nf3 Nf6 3. g3 g6 4. Bg2 Bg7 5. O-O O-O 6. Nc3 d6 7. d3 e5 8. Rb1 a5 9. a3 Nc6 10. b4 axb4 11. axb4 h6 12. b5 Ne7 13. Bb2 g5 14. Nd2 c5 15. bxc6 bxc6 16. f4 Ng4 17.
Rf3 Qb6+ 18. Kh1 Nf2+ 19. Rxf2 Qxf2 20. fxg5 hxg5 21. Nf3 g4 22. Ng5 Bf6 23. Bc1 Kg7 24. Qd2 Rh8 25. Nce4 fxe4 26. Nxe4 Qf5 27. Bb2 Qh5 28. h4 gxh3 29. Bf3 Bg4 30. Rf1 Raf8 31. d4 Ng6 32. Nxd6 exd4 33. Bxd4 Bxf3+ 34. Rxf3 Bxd4 35. Qxd4+ Qe5 36. Qa7+ Kh6 37. Nf7+ Rxf7 38. Qxf7 Qxe2 39. Rf2 Qe4+ 40. Kg1 Rd8 41. Kh2 Rd1 42. Kxh3 Rh1+ 43. Rh2 Kg5 44. Qd7 Rf1 45. Qd2+ Kf6 46. Qd8+ Kg7 47.
Qd2 Qf5+ 48. g4 Qf3# 0-1

[Event "*** Titled Tuesday Blitz"]
[Site "Chess.com"]
[Date "2020.01.07"]
[Round "9"]
[White "benhal"]
[Black "chessking2151"]
[Result "1-0"]
[WhiteElo "2409"]
[BlackElo "2604"]
[TimeControl "180+2"]
[EndTime "15:09:00 PST"]
[Termination "benhal won by resignation"]

1. c4 Nf6 2. Nc3 e5 3. Nf3 Nc6 4. e3 Bb4 5. Qc2 d6 6. Nd5 Ba5 7. a3 Nxd5 8. cxd5 Ne7 9. Qa4+ c6 10. dxc6 bxc6 11. b4 Bb6 12. Bb2 O-O 13. Be2 e4 14.
Nd4 Bd7 15. Qc2 d5 16. O-O Rc8 17. Nb3 Ng6 18. Qc3 f6 19. d3 exd3 20. Qxd3 Ne5 21.
Qc2 Be8 22. Rac1 Bg6 23. Qd2 Qd6 24. Bd4 Rfe8 25. Bc5 Qd7 26. Nd4 Be4 27. f3 Bg6 28. f4 Nc4 29. Bxc4 dxc4 30. Rxc4 Qd5 31. Rc3 Red8 32.
Qf2 Be4 33. Rfc1 Qd7 34. h3 Bd5 35. a4 Bxc5 36. Rxc5 Qb7 37. Qb2 Qe7 38. Qc3 Kh8 39. Rc2 h5 40. Rf2 Qe4 41. Qc1 Rb8 42. b5 cxb5 43.
axb5 a6 44. Qd1 Qe8 45. bxa6 Bf7 46. Qd3 Qa4 47. Rc7 Qa1+ 48. Kh2 Rf8 49. Rf1 Qa4 50.
Qf5 Qe8 51. a7 Ra8 52. Rf3 Kg8 53. Nc6 Bg6 54. Qd5+ Kh8 55. Ne7 Bf7 56. Qc5 Qd8 57.
e4 Re8 58. Nf5 Rf8 59. Nd6 Bg6 60. f5 Bh7 61. Nf7+ 1-0

[Event "*** Titled Tuesday Blitz"]
[Site "Chess.com"]
[Date "2020.01.07"]
[Round "9"]
[White "VeraNebolsina"]
[Black "SavelijTartakover"]
[Result "0-1"]
[WhiteElo "2381"]
[BlackElo "2695"]
[TimeControl "180+2"]
[EndTime "15:09:00 PST"]
[Termination "SavelijTartakover won by resignation"]

1. e4 e6 2. d4 d5 3. Nc3 Nf6 4. e5 Nfd7 5. f4 c5 6. Nf3 Nc6 7. Be3 Qb6 8. Na4 Qa5+ 9. c3 b6 10. a3 c4 11. b4 cxb3 12. Qxb3 Ba6 13. Bxa6 Qxa6 14. Nb2 Na5 15. Qa4 Rc8 16. Bd2 Be7 17.
Kf2 Qb7 18. Qb5 O-O 19. Rab1 f6 20. Rhe1 fxe5 21. Nxe5 Nxe5 22. Rxe5 Qc6 23. Qe2 Rf6 24.
Re1 Bxa3 25. Nd3 Nc4 26. Kg1 Nxe5 27. Nxe5 Qe8 28. Ra1 Qe7 29. Qa6 Rc7 30. Qxa3 Qxa3 31. Rxa3 Rf8 32. Kf2 a5 33. Rb3 Rb8 34. Rb5 a4 35.
Nd3 a3 36. Nc1 Rc4 37. Na2 Ra4 38. Ke2 Kf7 39. Kd3 h5 40. f5 h4 41. Bg5 Rh8 42.
Rxb6 exf5 43. Bf4 h3 44. g3 Re8 45. Rb7+ Re7 46. Rb5 Re1 47. Be5 Ra1 48. Rb7+ Ke8 49. Rb8+ Kd7 50. Rb7+ Kc6 51. Rc7+ Kb6 52. Nb4 Rxb4 53.
cxb4 a2 0-1

[Event "*** Titled Tuesday Blitz"]
[Site "Chess.com"]
[Date "2020.01.07"]
[Round "9"]
[White "2nd_life"]
[Black "Proteuo"]
[Result "1-0"]
[WhiteElo "2524"]
[BlackElo "2366"]
[TimeControl "180+2"]
[EndTime "15:09:07 PST"]
[Termination "2nd_life won by resignation"]

1. e4 e5 2. f4 Bc5 3. Nf3 d6 4. Nc3 Nf6 5. Bc4 a6 6. d3 Nc6 7.
Nd5 Be6 8. fxe5 dxe5 9. Bg5 Be7 10. Nxe7 Qxe7 11. Bxe6 Qxe6 12. Bxf6 Qxf6 13. O-O Qe7 14.
Qd2 O-O-O 15. Qc3 Nd4 16. Nxd4 Rxd4 17. Rf3 f6 18. a3 h5 19. h3 Rhd8 20. b4 g5 21. Rf5 g4 22. Rxh5 gxh3 23. Rxh3 Rg8 24. Rf1 Qg7 25. Rf2 Qg4 26. Kh2 Rd7 27. Qe1 Rdg7 28.
Qe3 Kb8 29. Qf3 Qg6 30. Kh1 Qg5 31. Qxf6 Qxf6 32. Rxf6 Rxg2 33. Rf8+ Ka7 34. Rxg8 Rxg8 35. Rh5 Re8 36. Kg2 Kb6 37. Kf3 c5 38. bxc5+ Kxc5 39. Ke3 Kd6 40. c3 Rc8 41. Kd2 Rc5 42. Rh6+ Kc7 43.
Kc2 Ra5 44. Kb3 Rb5+ 45. Kc4 Ra5 46. d4 exd4 47. cxd4 Rxa3 48. Rh7+ Kc8 49. e5 Re3 50. Kc5 Rc3+ 51. Kd5 Rc7 52. Rh8+ Kd7 53. e6+ Ke7 54. Ke5 Rc1 55. Rh7+ Ke8 56. Rxb7 Kd8 57. Kd6 Kc8 58. Ra7 Ra1 59. e7 Re1 60. Rxa6 Kb7 61. Ra2 1-0

[Event "*** Titled Tuesday Blitz"]
[Site "Chess.com"]
[Date "2020.01.07"]
[Round "9"]
[White "Walter_White_Poland"]
[Black "AlexandraBotez"]
[Result "1-0"]
[WhiteElo "2251"]
[BlackElo "2121"]
[TimeControl "180+2"]
[EndTime "15:09:11 PST"]
[Termination "Walter_White_Poland won by resignation"]

1. e4 e5 2. Nf3 Nc6 3. Bb5 a6 4. Ba4 Nf6 5. O-O d6 6. Bxc6+ bxc6 7. d4 exd4 8. Nxd4 c5 9. Nc6 Qd7 10. Na5 Be7 11. Nc3 O-O 12. f3 Rb8 13. b3 c6 14.
e5 dxe5 15. Nc4 Qc7 16. Qe1 Nd7 17. f4 f6 18. Qg3 Nb6 19. Nxb6 Rxb6 20. Be3 Rb4 21.
a3 Rb8 22. Ne4 c4 23. fxe5 fxe5 24. Rxf8+ Kxf8 25. Rf1+ Kg8 26. bxc4 Be6 27. Bh6 Bf8 28. c5 Kh8 29. Be3 Bg8 30. Qg5 Qe7 31. Qf5 Qe6 32. Qf3 h6 33. h3 Re8 34. a4 Be7 35. Qg3 Bh7 36. Nd2 Bf6 37. Qf3 e4 38. Qg3 Be5 39. Qh4 Bf6 40. Qg3 Qe7 41. Qd6 Bg8 42. Rf2 Qe5 43. Qxc6 Qa1+ 44. Kh2 Be5+ 45. g3 Bf6 46. Qxe8 Qe5 47. Rxf6 gxf6 48. Qxe5 fxe5 49. Nxe4 Kg7 50. c6 Be6 51. c7 Bc8 52. Nd6 Bd7 53. c8=Q Bxc8 54. Nxc8 Kf6 55. Nb6 h5 56. Kg2 Ke6 57.
Kf3 Kf5 58. Ke2 e4 59. c4 Ke6 60. a5 Kd6 61. Kd2 Kc6 62. Kc3 1-0

[Event "*** Titled Tuesday Blitz"]
[Site "Chess.com"]
[Date "2020.01.07"]
[Round "9"]
[White "Quiet_Desperation"]
[Black "TST2014"]
[Result "1-0"]
[WhiteElo "2398"]
[BlackElo "2496"]
[TimeControl "180+2"]
[EndTime "15:09:12 PST"]
[Termination "Quiet_Desperation won on time"]

1. e4 c5 2. Nf3 Nc6 3. d4 cxd4 4. Nxd4 Nf6 5. Nc3 d6 6. Bg5 e6 7. f3 a6 8. Qd2 Bd7 9. O-O-O b5 10. g4 Ne5 11. f4 Nexg4 12. h3 Nh6 13. e5 b4 14. Nd5 Ne4 15. Qe3 Nxg5 16. fxg5 dxe5 17. Qxe5 f6 18. gxf6 gxf6 19. Nxf6+ Kf7 20. Nxd7 Qxd7 21. Bc4 Qe7 22. Bxe6+ Ke8 23. Qxh8 Qg7 24. Qxg7 Bxg7 25. Nf5 Nxf5 26. Bxf5 a5 27. Bxh7 a4 28. Rhg1 Bh6+ 29. Kb1 Ra7 30. Bg6+ Kf8 31. Bd3 Bg7 32. Rdf1+ Kg8 33.
Bc4+ Kh8 34. Rf7 Rxf7 35. Bxf7 a3 36. bxa3 bxa3 37. c4 Kh7 38. h4 Be5 39. h5 Kh6 40.
Rg6+ Kh7 41. c5 Bf4 42. c6 Be5 43. Re6 Bf4 44. Re7 Kg7 45. c7 Kf6 46. c8=Q Kxe7 47. Qe6+ Kf8 48. Bg6 Kg7 49. Qf5 Bd6 50. Qf7+ Kh6 51.
Qd5 Bf4 52. Qe4 Bg5 53. Kc2 Kg7 54. Kd1 Bf6 55. Ke2 Bb2 56. Kf3 Kf6 57. Kg4 Kg7 58.
Qe7+ Kg8 59. Qh7+ 1-0

[Event "*** Titled Tuesday Blitz"]
[Site "Chess.com"]
[Date "2020.01.07"]
[Round "9"]
[White "BIG_Pirate"]
[Black "ketster"]
[Result "1-0"]
[WhiteElo "2418"]
[BlackElo "2294"]
[TimeControl "180+2"]
[EndTime "15:09:14 PST"]
[Termination "BIG_Pirate won on time"]

1. Nf3 d5 2. c4 d4 3. g3 Nf6 4. Bg2 c5 5. e3 Nc6 6. exd4 cxd4 7. O-O e6 8. d3 Be7 9. Re1 O-O 10. b3 Nd7 11.
Ba3 e5 12. Bxe7 Qxe7 13. a3 a5 14. Nbd2 f6 15. Qc2 Nc5 16. Ne4 Nxe4 17. Rxe4 Bf5 18. Ree1 g5 19. Nd2 Qg7 20. Bd5+ Kh8 21. Ne4 Bh3 22. Qd2 h6 23. b4 f5 24. Nc5 f4 25. b5 fxg3 26. fxg3 Ne7 27. Ne6 Bxe6 28. Bxe6 b6 29. Rf1 Rxf1+ 30. Rxf1 Rf8 31. Qe2 Rxf1+ 32. Qxf1 Ng6 33. Bd5 Qf8 34. Qh3 Kg7 35. Qe6 h5 36. Be4 Qf6 37. Qd7+ Qf7 38. Qc6 Qf6 39. Qb7+ Kh6 40.
c5 bxc5 41. b6 g4 42. Qc6 Qxc6 43. Bxc6 Ne7 44. Be4 c4 45. dxc4 d3 46. Kf2 d2 47.
Ke2 1-0

[Event "*** Titled Tuesday Blitz"]
[Site "Chess.com"]
[Date "2020.01.07"]
[Round "9"]
[White "wonderfultime"]
[Black "Vuk2000"]
[Result "1-0"]
[WhiteElo "2951"]
[BlackElo "2674"]
[TimeControl "180+2"]
[EndTime "15:09:15 PST"]
[Termination "wonderfultime won by resignation"]

1. d4 Nf6 2. Nf3 e6 3. g3 d5 4. Bg2 Be7 5. O-O O-O 6. c4 dxc4 7. Qc2 a6 8. a4 Bd7 9. Qxc4 Bc6 10. Nc3 a5 11. Bg5 Na6 12. Rac1 Nb4 13. Rfd1 h6 14.
Bxf6 Bxf6 15. e4 Bd7 16. h4 c6 17. Qe2 Be7 18. Ne5 Bd6 19. Nc4 Bc7 20. e5 Nd5 21.
Ne4 Nb6 22. b3 Nd5 23. Ncd6 Rb8 24. Bh3 Qe7 25. Nc4 Qb4 26. Rd3 b5 27. Nc5 Rfd8 28.
Nd2 Rb6 29. Nde4 Qa3 30. Rcd1 Be8 31. Qg4 Kh8 32. Bf1 Ne7 33. h5 Nf5 34. Qf4 Rd5 35. g4 Nxd4 36. Rxd4 Bxe5 37. Qe3 Bxd4 38. Rxd4 bxa4 39.
Rxa4 Qb2 40. Rxa5 Rb8 41. Qc3 Qxc3 42. Nxc3 Rg5 43. Be2 Re5 44. Kf1 f5 45. f4 Re3 46.
Nd1 Rh3 47. Nf2 Re3 48. Ra7 fxg4 49. Nxg4 Rxe2 50. Kxe2 Bxh5 51. Kf3 Rb5 52. b4 Rxb4 53. Kg3 Rc4 54. Nxe6 Re4 55. Nxg7 Bg6 56. f5 h5 57. Nf6 Re5 58. fxg6 Rg5+ 59. Kf4 Rxg6 60. Ngxh5 1-0